 Dungeon Sprint DCSS version 0.20-a0-1062-g7b787ac (webtiles) character file.

32 potatolord5000 the Covert (level 3, -3/19 HPs)
             Began as a Spriggan Assassin on Apr 27, 2017.
             Was a Follower of Lugonu.
             Slain by a spriggan
             ... wielding a +0 short sword
              (14 damage)
             ... in the Dungeon (Sprint IV: "Fedhas' Mad Dash").
             The game lasted 00:03:21 (113 turns).

potatolord5000 the Covert (Spriggan Assassin)        Turns: 113, Time: 00:03:21

Health: -3/19      AC:  3    Str:  7    XL:     3   Next: 8%
Magic:  3/4        EV: 17    Int: 12    God:    Lugonu [*.....]
Gold:   31         SH:  0    Dex: 18    Spells: 2/2 levels left

rFire    . . .     SeeInvis +   a - +2 dagger
rCold    . . .     Gourm    .   (shield restricted)
rNeg     . . .     Faith    .   c - +0 robe
rPois    .         Spirit   .   (helmet restricted)
rElec    .         Reflect  .   d - +0 cloak
rCorr    .         Harm     .   (gloves unavailable)
MR       .....     NoTele   +   (boots unavailable)
Stlth    +++++.....             b - amulet of invisibility {+Inv}
Regen    0.1/turn               (no ring)
MPRegen  0.1/turn               (no ring)

@: very slightly contaminated, very quick
A: unfitting armour, see invisible, herbivore 3, speed 3, slow metabolism 2
a: Renounce Religion, Evoke Invisibility


You were in the Dungeon.
You worshipped Lugonu.
Lugonu was aware of your devotion.
You were not hungry.

You visited 1 branch You collected 31 gold pieces.

Inventory:

Hand Weapons
 a - a +2 dagger (weapon)
Armour
 c - a +0 robe (worn)
 d - a +0 cloak (worn)
Jewellery
 b - the amulet of invisibility (around neck) {+Inv}
   (You found it in the Dungeon)

   [amulet of nothing]

   It lets you turn invisible.
Scrolls
 e - a scroll of identify {unknown}
 f - a scroll of recharging {unknown}
 m - a scroll of blinking
Potions
 h - 2 potions of curing
 i - a potion of heal wounds
 j - a potion of haste
 k - 2 potions of magic
Comestibles
 g - a bread ration


   Skills:
 + Level 2.4 Fighting
 + Level 2.9 Short Blades
 - Level 2.0 Throwing
 + Level 1.9 Dodging
 + Level 10.1 Stealth


You had 2 spell levels left.
You didn't know any spells.

Dungeon Overview and Level Annotations

Branches:
Dungeon (1/1)

Altars:
Cheibriados
Dithmenos
Elyvilon
Gozag
Hepliaklqana
Kikubaaqudgha
Makhleb
Nemelex Xobeh
Okawaru
Qazlal
Ru
Sif Muna
Trog
Uskayaw
Vehumet
Wu Jian
Xom
Yredelemnul
Zin
The Shining One
Beogh
Jiyva
Lugonu

Annotations:
D exclusion: 3 oklob saplings


Innate Abilities, Weirdness & Mutations

You are very small and have problems with some larger weapons.
You are too small for most types of armour.
You have supernaturally acute eyesight. (SInv)
You are a herbivore.
You cover ground extremely quickly.
You need consume almost no food.


Message History

Found 39 gold pieces.
Okay, then.
Level annotation: exclusion: 3 oklob saplings Welcome back, potatolord5000 the Spriggan Assassin.
Lugonu says: Spread carnage and corruption!
Press ? for a list of commands and other information.
You miss the spriggan.
The oklob sapling wizard looks encouraged for a moment.
The spriggan completely misses you.
You barely miss the spriggan.
The spriggan hits you with a short sword!
You hit the spriggan.
The spriggan is moderately wounded.
The spriggan closely misses you.
You closely miss the spriggan.
The spriggan is moderately wounded.
You flicker back into view.
The spriggan hits you with a short sword!
Ouch! That really hurt!
You die...

######################
#.⌠._._._._.⌠.#.@ii..#
'.._._._._._..'.P#s.$#
#..._._P_._...#..# #+#
#.._._._._._..#.?#
#._._._._._.⌠.####
###############


You could see 2 spriggans, an oklob sapling wizard and a scorpion.

Vanquished Creatures
  A worker ant (D)
  A river rat (D)
  A rat (D)
3 creatures vanquished.

Notes
Turn   | Place    | Note
-------+----------+-------------------------------------------
     0 | D        | potatolord5000 the Spriggan Assassin began the quest for the Orb.
     0 | D        | Reached XP level 1. HP: 10/10 MP: 2/2
    24 | D        | Reached skill level 8 in Stealth
    24 | D        | Reached XP level 2. HP: 15/15 MP: 3/3
    33 | D        | Noticed an oklob sapling
    40 | D        | Reached skill level 10 in Stealth
    40 | D        | Reached XP level 3. HP: 19/19 MP: 4/4
    84 | D        | Found an opulent altar of Gozag.
    84 | D        | Found a hazy altar of Hepliaklqana.
    84 | D        | Found a burning altar of Makhleb.
    84 | D        | Found a roughly hewn altar of Beogh.
    84 | D        | Found a sparkling altar of Nemelex Xobeh.
    84 | D        | Found a snail-covered altar of Cheibriados.
    84 | D        | Found a sacrificial altar of Ru.
    84 | D        | Found a deep blue altar of Sif Muna.
    84 | D        | Found a shimmering altar of Xom.
    84 | D        | Found a basalt altar of Yredelemnul.
    90 | D        | Found a viscous altar of Jiyva.
    90 | D        | Found a bloodstained altar of Trog.
    90 | D        | Found an ornate altar of the Wu Jian Council.
    90 | D        | Noticed an oklob sapling priest
    91 | D        | Found an iron altar of Okawaru.
    91 | D        | Found a shadowy altar of Dithmenos.
    91 | D        | Found a glowing silver altar of Zin.
    92 | D        | Found an ancient bone altar of Kikubaaqudgha.
    92 | D        | Found a hide-covered altar of Uskayaw.
    93 | D        | Found a stormy altar of Qazlal.
    93 | D        | Found a white marble altar of Elyvilon.
    93 | D        | Found a glowing golden altar of the Shining One.
    94 | D        | Found a corrupted altar of Lugonu.
    94 | D        | Found a radiant altar of Vehumet.
   102 | D        | Became a worshipper of Lugonu the Unformed
   102 | D        | Reached * piety under Lugonu
   105 | D        | Noticed an oklob sapling wizard
   109 | D        | Noticed a scorpion
   113 | D        | Slain by a spriggan

Vault maps used:
D:        dungeon_sprint_fedhas

Skill      XL: |  1  2 |
---------------+-------+-----
Fighting       | 2 |  2.4
Stealth        | 8 10 | 10.1
Short Blades   | |  2.9
Throwing       | |  2.0
Dodging        | |  1.9

Action                   || total
-------------------------++-------
Melee: Dagger            ||     8
 Abil: Evoke Invisibilit ||     1
  Use: Potion            ||     1
 Stab: Sleeping          ||     1
Dodge: Dodged            ||     2
